Map: Whispers of Gold

Players

Link - Winner!

  • Race: Protoss Protoss
  • League: Diamond
  • Spawn Location: 9:00

MKLOL

  • Race: Protoss Protoss
  • League: Diamond
  • Spawn Location: 5:00

VOD

Have the link to the VOD?

Description

Time

  • Played on: April 28, 2025, 6:41 p.m.
  • Length: 22:06
Show
View Real Time Build Order
Export as new Build Order

Link Protoss - Winner!

Build Orders: Zealot Archon, Dark Templar Rush 

Get SALT Encoding   

  12  0:01  Probe  
  13  0:13  Pylon  
  13  0:18  Probe  
  14  0:28  Probe  
  14  0:35  Gateway  
  15  0:36  Probe  
  16  0:44  Probe  
  16  0:45  Assimilator  
  17  0:55  Probe  
  18  1:04  Probe  
  19  1:15  Probe, Assimilator  
  19  1:17  Gateway  
  20  1:27  Cybernetics Core  
  20  1:37  Probe, Pylon  
  21  1:50  Probe  
  22  2:02  Probe  
  22  2:04  Adept x2  
  27  2:13  Pylon  
  27  2:14  Probe  
  28  2:26  Probe  
  28  2:28  Twilight Council  
  29  2:36  Stalker  
  31  2:48  Stalker  
  32  2:58  Probe  
  33  3:17  Probe  
  34  3:25  Nexus  
  34  3:29  Probe  
  34  3:30  Dark Shrine  
  35  3:35  Pylon  
  35  3:37  Warp Gate  
  35  3:45  Probe, Stalker  
  38  3:52  Stalker  
  40  4:06  Robotics Facility  
  40  4:10  Probe  
  41  4:23  Probe  
  40  4:46  Probe x2  
  40  4:48  Adept x2, Charge  
  44  4:53  Observer  
  44  4:58  Probe x2, Pylon  
  47  5:03  Gateway  
  47  5:05  Gateway  
  47  5:10  Probe x2  
  49  5:22  Probe x2  
  51  5:31  Forge, Stalker x2  
  51  5:32  Observer  
  51  5:34  Probe x2  
  58  5:43  Pylon  
  58  5:46  Assimilator  
  58  5:48  Assimilator  
  58  5:52  Probe  
  58  5:55  Zealot x2  
  63  6:04  Probe x2  
  64  6:05  Protoss Ground Weapons Level 1  
  65  6:17  Zealot x2  
  65  6:18  Zealot x2  
  69  6:22  Nexus  
  69  6:23  Pylon  
  69  6:27  Probe  
  70  6:33  Probe  
  70  6:36  Templar Archives  
  70  6:37  Observer  
  70  6:39  Probe  
  72  6:41  Probe  
  72  6:43  Zealot  
  72  6:44  Zealot  
  77  6:49  Zealot  
  77  6:51  Probe  
  80  6:57  Probe  
  81  7:02  Zealot, Observer  
  81  7:03  Probe  
  81  7:07  Pylon  
  85  7:09  Pylon  
  85  7:16  Probe  
  85  7:17  Pylon  
  85  7:21  Pylon  
  86  7:27  High Templar x2  
  86  7:28  High Templar x2  
  94  7:30  Immortal  
  94  7:31  Probe x2  
  94  7:32  Archon x2  
  100  7:39  Probe, Forge  
  100  7:40  Protoss Ground Weapons Level 2  
  100  7:43  Probe x2  
  103  7:51  Probe  
  103  7:52  Gateway x2  
  103  7:54  Protoss Ground Armor Level 1  
  103  7:56  Probe  
  103  7:57  Probe, Gateway  
  105  8:02  High Templar  
  105  8:03  High Templar, Probe  
  105  8:04  Zealot  
  112  8:06  Zealot  
  112  8:07  Archon  
  114  8:13  Probe x2  
  114  8:17  Assimilator x2  
  116  8:28  Probe x2  
  116  8:32  Nexus  
  118  8:34  Pylon  
  118  8:37  Probe  
  118  8:40  Probe  
  120  8:48  Probe  
  120  8:49  Probe  
  120  8:50  High Templar x2  
  120  8:51  Zealot x3  
  120  8:52  Zealot  
  120  8:55  Pylon  
  134  9:01  Pylon  
  134  9:04  Probe x2  
  134  9:05  Probe  
  134  9:09  Archon  
  137  9:12  Immortal  
  137  9:16  Probe  
  137  9:17  Probe  
  143  9:18  Robotics Facility  
  143  9:23  Photon Cannon  
  143  9:24  Photon Cannon  
  143  9:26  Shield Battery  
  143  9:29  High Templar x2  
  143  9:30  Zealot  
  149  9:34  Pylon  
  149  9:39  Pylon  
  149  9:40  Archon  
  149  9:42  Pylon  
  149  9:48  Probe x2  
  149  9:49  Probe x2  
  149  9:51  High Templar x2  
  149  9:52  High Templar  
  159  9:55  Zealot  
  159  9:56  High Templar  
  159  9:58  Assimilator, Protoss Ground Weapons Level 3  
  163  10:00  Assimilator  
  163  10:09  Nexus  
  163  10:11  Pylon  
  163  10:12  Photon Cannon  
  163  10:14  Photon Cannon  
  163  10:16  Shield Battery  
  163  10:19  Probe x2  
  165  10:23  Probe x2  
  165  10:24  Immortal  
  165  10:25  Immortal  
  167  10:31  Probe x2  
  177  10:39  Gateway  
  177  10:41  Gateway  
  177  10:44  Gateway  
  177  10:45  Probe x2  
  177  10:46  Probe  
  177  10:47  Gateway  
  177  10:48  Blink  
  180  10:51  Probe  
  180  10:54  Archon x2  
  181  10:57  Probe  
  181  10:58  Probe  
  172  11:16  Stalker x3  
  172  11:17  Stalker x4  
  150  11:34  Stalker  
  150  11:36  Immortal x2  
  150  11:38  Stalker x2  
  164  11:40  Probe x5  
  164  11:42  Stalker x5  
  164  11:43  Stalker  
  181  11:51  Protoss Ground Armor Level 2  
  181  11:52  Probe x4  
  185  11:57  Probe  
  185  11:59  Photon Cannon  
  186  12:02  Shield Battery  
  186  12:04  Probe  
  187  12:17  Assimilator  
  187  12:26  High Templar x3  
  187  12:27  High Templar  
  187  12:28  Zealot x2  
  199  12:32  Archon x2  
  199  12:38  Gateway  
  199  12:41  Assimilator, Gateway  
  199  12:43  Gateway  
  199  12:45  Gateway x2  
  199  12:46  Gateway  
  199  12:47  Gateway x3  
  199  12:48  Gateway  
  199  12:50  Gateway  
  199  12:51  Gateway  
  199  12:52  Gateway  
  199  12:53  Photon Cannon  
  198  12:59  Photon Cannon  
  180  13:07  Stalker x2  
  180  13:08  Stalker x5  
  180  13:09  Stalker x4  
  160  13:34  Zealot x2  
  160  13:35  Zealot x7  
  160  13:36  Zealot x2  
  160  13:40  Protoss Shields Level 1  
  154  13:42  Zealot x2  
  154  13:43  Zealot x2  
  154  13:46  Zealot x2  
  154  13:47  Zealot x3  
  172  13:49  Immortal x2  
  180  13:57  Probe x5  
  185  14:09  Probe  
  186  14:11  Zealot  
  186  14:12  Zealot x6  
  200  14:25  Nexus  
  200  14:26  Pylon  
  200  14:30  Robotics Facility  
  200  14:32  Robotics Facility  
  200  14:35  Robotics Facility, Gateway  
  200  14:40  Gateway  
  198  14:53  Gateway  
  198  14:54  Gateway  
  198  14:56  Gateway  
  198  14:58  Gateway  
  146  15:10  High Templar x5  
  146  15:11  High Templar  
  146  15:12  Zealot x4  
  146  15:13  Zealot x5  
  146  15:14  Zealot x5  
  168  15:15  Archon  
  168  15:16  Archon x2  
  146  15:31  Zealot  
  146  15:33  Zealot x3  
  146  15:34  Zealot x5  
  146  15:35  Zealot x6  
  154  15:36  Zealot  
  136  15:43  Stalker x4  
  136  15:44  Stalker x2  
  120  15:56  Zealot x4  
  118  15:57  Zealot x4  
  118  15:58  High Templar  
  118  15:59  High Templar  
  118  16:01  High Templar x2  
  118  16:02  High Templar  
  118  16:03  High Templar  
  116  16:04  High Templar x2  
  116  16:05  Archon x2  
  116  16:06  High Templar  
  116  16:07  High Templar  
  116  16:08  Archon x2  
  116  16:09  High Templar x2  
  116  16:10  Archon  
  128  16:13  High Templar x2  
  130  16:18  Zealot  
  130  16:19  Zealot x2  
  130  16:20  Protoss Ground Armor Level 3, Protoss Shields Level 2  
  130  16:22  High Templar x5  
  146  16:26  Archon  
  146  16:27  Archon  
  146  16:31  Probe  
  146  16:32  Probe x4  
  151  16:43  Probe  
  151  16:46  Stalker x3  
  154  16:50  Probe x3  
  157  16:57  Probe x2  
  159  17:05  Photon Cannon  
  159  17:06  Photon Cannon  
  159  17:07  Archon x2  
  159  17:08  Shield Battery  
  159  17:09  High Templar x3  
  159  17:10  High Templar  
  159  17:11  Zealot x2  
  159  17:13  Archon  
  170  17:21  Probe x2  
  170  17:22  Probe x3  
  170  17:28  High Templar x3  
  170  17:29  High Templar x3  
  182  17:31  Archon  
  182  17:32  Archon  
  182  17:35  Photon Cannon x2  
  182  17:38  Archon x2  
  182  17:39  High Templar, Photon Cannon  
  182  17:41  Zealot  
  182  17:42  Zealot x2  
  182  17:43  High Templar x2  
  194  17:45  Archon  
  194  17:50  Assimilator  
  194  17:54  Assimilator  
  194  17:59  Archon  
  192  18:08  Stalker x2  
  192  18:09  Stalker x4  
  193  18:13  Probe x5  
  187  18:25  Probe x3  
  187  18:26  Stalker x5  
  176  18:27  Stalker  
  146  18:41  Stalker  
  146  18:42  Stalker x3  
  104  19:03  Zealot x4  
  104  19:04  Zealot x5  
  118  19:14  Zealot x3  
  124  19:17  Probe x4  
  124  19:21  High Templar x2  
  124  19:22  High Templar  
  134  19:28  Probe  
  134  19:29  Probe x2  
  137  19:40  High Templar, Archon  
  137  19:43  Zealot x3  
  137  19:45  High Templar x2  
  147  19:48  Archon  
  147  19:49  Archon  
  149  20:06  Nexus  
  149  20:07  Pylon  
  149  20:09  High Templar x2  
  153  20:14  Archon  
  153  20:32  Zealot x3  
  153  20:33  Zealot x2  
  153  20:35  High Templar x2  
  167  20:44  Photon Cannon  
  167  20:46  Photon Cannon  
  167  20:47  Archon  
  167  21:03  High Templar x2, Zealot  
  167  21:04  Zealot x5  
  177  21:05  Zealot x2  
  177  21:07  Archon  
  187  21:16  Stalker  
  187  21:17  Stalker x3  
  189  21:38  Zealot x4  
  189  21:39  Zealot  
  148  21:54  Stalker  
  148  21:57  Pylon  
  148  22:00  Stalker x3  
  148  22:01  Stalker  
  144  22:03  Stalker x3  
  144  22:04  Stalker x3  
Show
View Real Time Build Order
Export as new Build Order

MKLOL Protoss 

Build Orders:  

Get SALT Encoding   

  12  0:00  Probe  
  13  0:14  Pylon  
  13  0:18  Probe  
  14  0:29  Probe  
  15  0:35  Gateway  
  15  0:37  Probe  
  16  0:45  Probe  
  17  0:53  Assimilator  
  17  0:56  Probe  
  17  1:00  Assimilator  
  18  1:08  Probe  
  19  1:18  Gateway  
  19  1:24  Probe  
  20  1:30  Cybernetics Core  
  20  1:36  Probe  
  21  1:48  Probe  
  21  1:49  Pylon  
  22  1:58  Adept x2  
  22  2:00  Probe  
  27  2:08  Warp Gate  
  27  2:12  Probe  
  28  2:22  Pylon  
  28  2:24  Probe  
  29  2:36  Probe  
  30  2:37  Stalker  
  30  2:38  Stalker  
  33  2:48  Probe  
  34  3:00  Probe  
  35  3:13  Probe  
  34  3:25  Nexus  
  34  3:26  Shield Battery  
  34  3:31  Robotics Facility  
  34  3:41  Probe  
  35  3:53  Probe  
  36  4:00  Pylon  
  36  4:01  Sentry  
  38  4:07  Pylon  
  38  4:12  Observer, Shield Battery  
  38  4:24  Shield Battery  
  39  4:27  Immortal  
  43  4:35  Shield Battery  
  43  4:37  Pylon  
  42  4:50  Stalker x2  
  46  4:56  Probe x2  
  48  5:00  Immortal  
  52  5:08  Probe x2  
  54  5:15  Twilight Council  
  54  5:20  Probe x2  
  56  5:32  Probe x2  
  58  5:35  Observer  
  58  5:36  Stalker x2  
  58  5:41  Charge  
  63  5:44  Probe x2  
  65  5:50  Immortal  
  65  5:56  Probe x2  
  67  6:03  Pylon  
  71  6:06  Pylon  
  69  6:18  Probe x2  
  68  6:30  Probe  
  68  6:31  Nexus  
  69  6:33  Pylon  
  69  6:34  Probe  
  69  6:35  Forge  
  70  6:41  Protoss Ground Weapons Level 1  
  70  6:42  Probe  
  70  6:44  Stalker  
  70  6:46  Probe  
  74  6:50  Zealot  
  76  6:54  Probe  
  76  6:58  Probe  
  78  7:06  Probe  
  78  7:07  Gateway  
  79  7:09  Gateway  
  79  7:10  Probe  
  80  7:18  Probe  
  80  7:22  Probe  
  82  7:23  Gateway  
  82  7:27  Gateway  
  82  7:30  Probe  
  82  7:34  Probe  
  84  7:40  Templar Archives, Assimilator  
  84  7:43  Photon Cannon  
  84  7:47  Assimilator  
  84  7:48  Photon Cannon  
  84  7:51  Pylon  
  84  7:58  Zealot x2  
  88  8:10  Probe  
  88  8:11  Probe  
  88  8:12  Probe  
  91  8:13  Zealot x2  
  91  8:17  Shield Battery  
  95  8:24  Gateway  
  95  8:27  Gateway  
  95  8:29  Probe x2  
  95  8:31  Probe  
  98  8:36  Gateway  
  98  8:38  Warp Prism  
  98  8:39  High Templar x2  
  98  8:40  High Templar  
  104  8:42  High Templar  
  104  8:43  Archon  
  104  8:45  Archon  
  106  8:50  Probe  
  106  8:52  Probe  
  106  8:53  Protoss Ground Weapons Level 2  
  106  8:54  Probe  
  111  8:56  High Templar x2  
  111  8:57  Blink  
  115  9:09  Probe x3  
  118  9:10  Assimilator  
  118  9:17  Gateway  
  118  9:21  Probe x3  
  118  9:23  Pylon  
  121  9:25  Pylon  
  121  9:30  High Templar  
  123  9:41  Probe  
  123  9:42  Probe x2, Assimilator  
  126  9:48  Nexus  
  126  9:50  Shield Battery  
  126  9:53  Photon Cannon  
  126  9:54  Probe x2  
  126  9:55  High Templar  
  126  9:56  High Templar  
  126  9:57  Archon  
  126  9:59  Archon  
  132  10:01  Zealot  
  134  10:08  Pylon  
  134  10:11  Probe  
  134  10:12  Pylon  
  135  10:14  Pylon  
  135  10:17  Probe x2  
  135  10:19  High Templar x2  
  135  10:20  Pylon  
  141  10:23  Archon  
  141  10:31  Immortal  
  141  10:33  Pylon  
  141  10:36  Stalker  
  141  10:37  Stalker x4  
  155  10:52  Stalker x2  
  155  10:53  Stalker x2  
  161  11:07  Stalker x4  
  153  11:21  Zealot x4  
  153  11:22  Stalker x2  
  165  11:29  Protoss Ground Weapons Level 3  
  153  11:32  Immortal  
  153  11:38  Zealot x4, Probe  
  153  11:39  Probe x3  
  167  11:49  High Templar  
  167  11:50  High Templar  
  171  11:58  High Templar, Archon  
  169  12:05  Observer  
  169  12:08  Nexus  
  169  12:09  Stalker x2, Photon Cannon, Pylon  
  169  12:10  Stalker  
  169  12:13  Shield Battery  
  176  12:16  High Templar  
  176  12:17  Zealot  
  176  12:21  Pylon  
  176  12:22  Archon  
  180  12:25  Pylon  
  180  12:33  Gateway  
  180  12:34  Gateway  
  180  12:35  High Templar x2  
  180  12:36  Zealot, Gateway  
  186  12:37  Zealot  
  186  12:40  Stalker  
  186  12:41  Stalker  
  192  12:51  Zealot x4  
  182  13:08  Zealot x5  
  182  13:09  Zealot  
  182  13:12  Archon  
  155  13:21  Zealot x4  
  141  13:37  Zealot x9  
  143  13:41  Immortal  
  143  13:46  High Templar  
  143  13:47  High Templar x3  
  151  13:50  Gateway  
  151  13:52  Archon  
  155  14:00  Photon Cannon  
  155  14:03  Photon Cannon x2  
  155  14:05  High Templar, Photon Cannon, Pylon  
  155  14:06  High Templar x3  
  155  14:07  Shield Battery  
  163  14:10  Protoss Ground Armor Level 1  
  163  14:11  Archon x3  
  163  14:12  Zealot x4  
  163  14:13  Zealot  
  173  14:18  Probe x4  
  173  14:23  Zealot x3  
  183  14:24  Zealot  
  183  14:30  Probe  
  186  14:33  Gateway  
  186  14:35  Gateway  
  186  14:36  Gateway  
  186  14:37  High Templar  
  186  14:38  High Templar x2  
  192  14:42  Archon, Assimilator  
  192  14:44  High Templar  
  194  14:45  Assimilator  
  194  14:48  Archon  
  190  15:01  High Templar x2  
  190  15:06  Zealot x4  
  190  15:07  Zealot x4  
  180  15:10  Observer  
  180  15:14  Zealot x3  
  183  15:26  Stalker x3  
  183  15:27  Stalker x5  
  157  15:37  Archon  
  157  15:40  Zealot x8  
  139  15:54  Zealot x5  
  139  15:55  Zealot x2  
  140  16:07  Stalker x3  
  140  16:08  Stalker x2  
  146  16:20  Stalker x2  
  146  16:21  Stalker x3  
  146  16:26  High Templar x3  
  146  16:30  Archon  
  148  16:34  Assimilator  
  148  16:38  Assimilator  
  148  16:44  High Templar x2  
  152  16:57  High Templar  
  152  16:58  Zealot x2  
  152  16:59  Zealot x10  
  174  17:26  Zealot x9  
  186  17:31  Archon  
  186  17:33  Archon  
  186  17:37  High Templar x3  
  186  17:38  High Templar x2  
  190  18:07  High Templar x2  
  190  18:08  High Templar x2  
  190  18:09  Zealot x2  
  190  18:10  Archon x2  
  190  18:11  Archon x2  
  185  18:24  Stalker  
  185  18:25  Stalker x8  
  185  18:26  Stalker  
  149  18:39  Stalker x4  
  122  18:44  Zealot x3  
  107  18:51  Stalker x4  
  101  18:57  Protoss Ground Armor Level 2  
  101  19:02  Zealot  
  95  19:03  Zealot x3  
  101  19:16  High Templar x3  
  101  19:17  Probe x2  
  101  19:18  Probe x2  
  101  19:20  Archon  
  101  19:21  Zealot  
  101  19:22  Zealot x2  
  107  19:37  High Templar  
  109  19:43  Archon  
  109  19:47  Probe  
  109  19:48  Probe x2  
  109  19:51  Probe  
  113  19:59  High Templar x2, Nexus  
  117  20:00  High Templar  
  117  20:03  Archon  
  117  20:04  High Templar  
  121  20:08  Archon  
  121  20:09  Zealot x3, Probe  
  121  20:10  Probe  
  129  20:15  Assimilator  
  129  20:17  Zealot  
  131  20:23  Probe x2, Pylon  
  133  20:29  Stalker  
  135  20:41  Photon Cannon  
  135  20:42  Shield Battery  
  135  20:46  High Templar x3  
  135  20:47  High Templar, Photon Cannon  
  143  20:50  Archon  
  143  20:52  Archon  
  136  20:58  High Templar x2  
  136  21:02  Archon  
  133  21:18  Zealot x7  
  139  21:19  Zealot  
  149  21:31  Pylon  
  127  21:45  Zealot x6  
  127  21:46  Zealot  
  94  21:57  Stalker x2  
  94  21:59  High Templar x2  
  94  22:00  High Templar  
  84  22:03  Archon  
Tags
 
Add a new tag
Caveats
  • Supply blocks, unpowered buildings, or Contaminate may cause inaccurate times.
  • Supply counts are checked every 10 seconds.